 Dungeon Crawl Stone Soup version 0.29-a0-330-g52719c12eb (webtiles) character file.

Game seed: 11972327720871311104

223188 Aelig the Bewitcher (level 20, -7/112 (119) HPs)
             Began as a Kobold Enchanter on May 5, 2022.
             Was a Follower of Uskayaw.
             Shot with a bolt by a yaktaur captain (32 damage)
             ... on level 1 of the Vaults on May 6, 2022.
             The game lasted 03:37:10 (54284 turns).

Aelig the Bewitcher (Kobold Enchanter)             Turns: 54284, Time: 03:37:10

HP:   -7/112 (119)  AC: 16    Str: 16    XL:     20   Next: 3%
MP:   20/39         EV: 19    Int: 29    God:    Uskayaw [*.....]
Gold: 823           SH:  9    Dex: 19    Spells: 5/32 levels left

rFire   + . .      SeeInvis .   a - +9 quick blade (vorpal)
rCold   . . .      Faith    .   o - +2 buckler
rNeg    . . .      Spirit   .   X - +0 swamp dragon scales
rPois   +          Reflect  .   L - +2 hat
rElec   .          Harm     .   c - +1 cloak
rCorr   +          Rampage  .   d - +0 pair of gloves
Will    +....                   Z - +2 pair of boots
Stlth   +++++++...              I - amulet of Circularity {RegenMP +Inv MP+9 Dex+4 Stlth+}
HPRegen 0.28/turn               M - ring of Ynerai {Drain rF+ rCorr Str+8}
MPRegen 0.66/turn               B - +6 ring of intelligence

@: about to teleport, marked, drained, invisible
A: small, no large weapons, nightstalker 3
}: 1/15 runes: serpentine
a: Renounce Religion, Evoke Invisibility, Stomp


You were on level 1 of the Vaults.
You worshipped Uskayaw.
Uskayaw was pleased with you.
You visited 8 branches of the dungeon, and saw 34 of its levels.
You also visited: Sewer.

You collected 3474 gold pieces.
You spent 2651 gold pieces at shops.

Inventory:

Hand Weapons
 a - a +9 vorpal quick blade (weapon)
 V - the +4 rapier "Tiem" {antimagic, rElec rN+}
   (You found it on level 3 of the Dungeon)

   It reduces the magical energy of the wielder, and disrupts the spells and
   magical abilities of those it strikes.
   Natural abilities and divine invocations are not affected.
   rElec:     It insulates you from electricity.
   rN:        It protects you from negative energy.
 Y - a +2 rapier of holy wrath
Missiles
 f - 1005 stones (quivered)
 u - 3 throwing nets
 w - 51 poisoned darts
Armour
 c - a +1 cloak (worn)
 d - a +0 pair of gloves (worn)
 o - a +2 buckler (worn)
 L - a +2 hat (worn)
 X - +0 swamp dragon scales (worn)
 Z - a +2 pair of boots (worn)
Jewellery
 B - a +6 ring of intelligence (right hand)
 I - the amulet of Circularity (around neck) {RegenMP +Inv MP+9 Dex+4 Stlth+}
   (You found it on level 10 of the Dungeon)

   [amulet of magic regeneration]

   It increases your rate of magic regeneration.
   Dex:       It affects your dexterity (+4).
   MP:        It affects your magic capacity (+9).
   +Inv:      It lets you turn invisible.
   Stlth:     It makes you more stealthy.
 M - the ring of Ynerai (left hand) {Drain rF+ rCorr Str+8}
   (You found it on level 7 of the Dungeon)

   [ring of protection from fire]

   Str:       It affects your strength (+8).
   rF:        It protects you from fire.
   rCorr:     It protects you from acid and corrosion.
   Drain:     It drains your maximum health when unequipped.
Wands
 i - a wand of acid (14)
 l - a wand of polymorph (13)
 F - a wand of paralysis (16)
 H - a wand of flame (29)
 K - a wand of iceblast (21)
 S - a wand of digging (1)
 W - a wand of charming (5)
Scrolls
 b - a scroll of summoning
 h - 3 scrolls of magic mapping
 j - 6 scrolls of vulnerability
 k - 6 scrolls of enchant armour
 s - 7 scrolls of teleportation
 x - 6 scrolls of fog
 y - 4 scrolls of enchant weapon
 z - a scroll of brand weapon
 D - 2 scrolls of silence
 N - 6 scrolls of immolation
 O - a scroll of holy word
 P - 5 scrolls of amnesia
 Q - 2 scrolls of fear
 R - 7 scrolls of identify
Potions
 e - 2 potions of lignification
 g - 8 potions of magic
 m - a potion of mutation
 n - 9 potions of might
 p - 6 potions of curing
 t - a potion of haste
 v - a potion of invisibility
 C - a potion of resistance
 E - a potion of cancellation
 G - 5 potions of flight
 U - 5 potions of brilliance
Miscellaneous
 q - a condenser vane
 A - a lightning rod (4/4)
 T - a phantom mirror


   Skills:
 + Level 10.6 Fighting
 - Level 11.0 Short Blades
 - Level 4.0 Armour
 + Level 10.8 Dodging
 - Level 13.1 Stealth
 - Level 5.0 Shields
 + Level 6.8 Spellcasting
 - Level 4.0 Conjurations
 + Level 17.5 Hexes
 - Level 6.0 Summonings
 - Level 6.0 Translocations
 - Level 10.0 Transmutations
 - Level 4.0 Ice Magic
 - Level 12.0 Invocations
 - Level 16.0 Evocations


You had 5 spell levels left.
You knew the following spells:

 Your Spells              Type           Power      Damage    Failure   Level
a - Ensorcelled Hibernat  Hex/Ice        100%       N/A       1%          2
b - Confusing Touch       Hex            84%        N/A       1%          3
c - Tukima's Dance        Hex            84%        N/A       1%          3
d - Dazzling Flash        Conj/Hex       100%       N/A       1%          3
e - Cause Fear            Hex            42%        N/A       1%          4
f - Blink                 Tloc           88%        N/A       1%          2
g - Yara's Violent Unrav  Hex/Tmut       37%        3d15      1%          5
h - Summon Mana Viper     Hex/Summ       67%        N/A       3%          5

Your spell library contained the following spells:

 Spells                   Type           Power      Damage    Failure   Level
 Beastly Appendage        Tmut           100%       N/A       1%          1
 Summon Small Mammal      Summ           100%       N/A       1%          1
 Wereblood                Tmut           61%        N/A       1%          2
 Inner Flame              Hex/Fire       57%        N/A       1%          3
 Summon Guardian Golem    Hex/Summ       67%        N/A       1%          3
 Call Canine Familiar     Summ           44%        N/A       3%          3
 Lesser Beckoning         Tloc           44%        N/A       3%          3
 Spider Form              Tmut/Pois      38%        N/A       5%          3
 Foxfire                  Conj/Fire      84%        2x1d8     6%          1
 Shock                    Conj/Air       84%        1d8       6%          1
 Static Discharge         Conj/Air       21%        N/A       9%          2
 Ignite Poison            Fire/Tmut/Pois 29%        N/A       11%         3
 Conjure Flame            Conj/Fire      21%        6-21      19%         3
 Mephitic Cloud           Conj/Pois/Air  17%        N/A       24%         3
 Manifold Assault         Tloc           44%        N/A       32%         5
 Summon Forest            Summ/Tloc      22%        N/A       32%         5
 Summon Lightning Spire   Summ/Air       27%        N/A       36%         4
 Flame Wave               Conj/Fire      21%        2d7       52%         4
 Freezing Cloud           Conj/Ice/Air   12%        6-21      77%         5
 Borgnjor's Vile Clutch   Necr/Erth      4%         N/A       98%         5
 Enfeeble                 Hex            42%        N/A       9%          7
 Discord                  Hex            42%        N/A       54%         8
 Summon Cactus Giant      Summ           22%        N/A       87%         6
 Chain Lightning          Conj/Air       10%        3d14      100%        9


Dungeon Overview and Level Annotations

Branches:
Dungeon (15/15)            Temple (1/1) D:6            Lair (6/6) D:9
  Swamp (4/4) Lair:2        Snake (4/4) Lair:3        Slime (0/5) Lair:5
    Orc (2/2) D:9             Elf (0/3) Orc:2        Vaults (1/5) D:14
 Depths (1/4) D:15          Sewer (visited)

Altars:
Ashenzari
Cheibriados
Dithmenos
Elyvilon
Fedhas
Gozag
Kikubaaqudgha
Makhleb
Nemelex Xobeh
Okawaru
Qazlal
Ru
Sif Muna
Trog
Uskayaw
Vehumet
Wu Jian
Xom
Zin
The Shining One
Beogh
Jiyva

Shops:
D:1 *[!*:   D:6 :**   D:15 (   Orc:2 ?=:*   Snake:3 ==!*   Snake:4 :=:

Portals:
Trove: D:15 (give +3 gold dragon scales)

Annotations:
D:11 2 transporters, TheOvate's ghost, journeyman DrIE
D:12 Erolcha
D:14 3 runed translucent doors, olaf's ghost, journeyman GnBe
Lair:2 Gastronok
Lair:4 Kirke
Snake:3 Aizul; Mara
Orc:1 4 transporters
Depths:1 exclusion: vampire knight


Innate Abilities, Weirdness & Mutations

You are small and have problems with some larger weapons.
You are completely attuned to the shadows.


Message History

Press: ? - help, Dir - look around, f - activate The vault warden is dazzled.
The yaktaur is dazzled.
The yaktaur shoots a bolt.
You block the bolt.
Cornered, the vault sentinel turns to fight!
The vault warden hits you but does no damage.
The vault warden hits you with a +3 vorpal war axe!!!
* * * LOW HITPOINT WARNING * * *
x2
Casting: Dazzling Flash (safe; 1% risk of failure)
Confirm with . or Enter, or press ? or * to list all spells.
Casting: Cause Fear (safe; 1% risk of failure)
Press: ? - help, Dir - look around, f - activate The yaktaur captain resists with almost no effort.
The vault warden looks frightened!
The dire elephant resists with almost no effort.
The vault warden looks frightened!
The yaktaur looks frightened!
The vault sentinel looks frightened!
The deep troll looks frightened! x2
Press: ? - help, v - describe, . - travel
Here: a dire elephant The floor, spattered with blood.
You fade into invisibility!
Cornered, the vault sentinel turns to fight!
Cornered, the deep troll turns to fight!
The dire elephant tramples you but does no damage.
You block the dire elephant's attack.
The yaktaur captain wields a +0 arbalest.
The yaktaur captain shoots a bolt.
The bolt hits the dire elephant!
You can no longer pass through a line of other dancers.
As you read the scroll of teleportation, it crumbles to dust.
You feel strangely unstable.
The runic seals fade away.
The vault warden is no longer blind.
The yaktaur captain shoots a bolt.
The bolt hits the dire elephant!!
The yaktaur shoots a bolt.
The bolt hits the dire elephant.
The vault sentinel blows a loud note on a signal horn!
The dire elephant barely misses you. You block the dire elephant's attack.
The yaktaur captain shoots a bolt.
The bolt hits the dire elephant!!!
You strike the helpless dire elephant from behind!
You impale the dire elephant!!
You kill the dire elephant!
The yaktaur captain shoots a bolt.
The bolt hits you!!
You die...

................
................
#####'#####'#
#.T.....#
#..cT...#
#..c.)..##########
#..p.∩..#........#
#.....†.#........#
#.p....@+........#
#########........#
#........#
#........#
##########


You could see a yaktaur captain (can't see you), a deep troll, a vault sentinel
and a yaktaur (blind).

Vanquished Creatures
  Rupert (Lair:3)
  8 nagarajas (Snake:4)
  A vault warden (Vaults:1)
  3 ghouls (Swamp:2)
  Louise (Swamp:2)
  An ironbound preserver (Vaults:1)
  2 stone giants
  3 eleionomae
  2 dire elephants
  3 bunyips
  A fire dragon (D:12)
  A shambling mangrove (Swamp:4)
  Josephine (D:11)
  2 boulder beetles
  Snorg (D:11)
  2 salamander tyrants (Snake:4)
  2 spriggan air magi
  16 hydras
  2 ogre magi (D:15)
  4 centaur warriors
  18 naga warriors
  Erica (Lair:2)
  9 anacondas
  5 dancing weapons
  A deep troll shaman (Depths:1)
  12 two-headed ogres
  6 alligators
  A tengu warrior (D:10)
  2 spriggan berserkers (Swamp:4)
  3 orc high priests (Orc:2)
  6 shock serpents
  7 naga sharpshooters
  4 spriggans (Swamp:4)
  4 salamander mystics (Snake:4)
  3 goliath frogs
  2 swamp dragons
  A naga ritualist (Snake:1)
  4 sea snakes (Snake:4)
  A spriggan druid (Swamp:2)
  2 bog bodies (Swamp:4)
  A wizard (D:14)
  10 orc knights
  5 mana vipers
  7 orc sorcerers
  5 deep elf pyromancers
  A spectral spriggan (Swamp:2)
  17 salamanders
  12 ugly things
  18 elephants
  7 manticores
  9 cyclopes
  4 will-o-the-wisps
  7 guardian serpents
  13 black mambas
  10 naga magi
  Maurice (D:12)
  A vault sentinel (Vaults:1)
  Joseph (D:8)
  3 molten gargoyles (D:14)
  2 gargoyles
  19 cane toads
  A rime drake (shapeshifter) (D:15)
  A kobold demonologist (D:12)
  2 rime drakes
  4 efreet
  11 komodo dragons
  2 tengu conjurers
  A yaktaur (Vaults:1)
  A bloated husk (Swamp:1)
  2 anaconda simulacra (D:15)
  7 trolls
  Grinder (D:5)
  A hornet (shapeshifter) (D:13)
  7 tyrant leeches
  6 hornets
  20 slime creatures
  35 blink frogs
  An alligator zombie (Swamp:4)
  A shadow (D:12)
  4 wraiths
  4 wyverns
  56 yaks
  3 hogs
  A human (D:13)
  3 water elementals (Depths:1)
  A redback (shapeshifter) (D:14)
  A steam dragon (D:10)
  7 vampire mosquitoes
  2 basilisks
  25 nagas
  5 wargs
  3 acid dragons
  13 swamp worms
  14 water moccasins
  Pargi (Sewer)
  6 black bears
  3 swamp drakes
  2 ice beasts
  24 orc warriors
  2 sky beasts
  18 wolves
  9 ogres
  6 centaurs
  2 phantoms (D:6)
  3 kobold brigands
  3 necrophages
  18 bullfrogs
  3 gnoll sergeants
  4 scorpions
  10 wights
  16 killer bees
  2 howler monkeys (D:14)
  An electric eel (Snake:4)
  2 hounds (D:5)
  18 orc priests
  5 jellies
  2 gnoll shamans (D:3)
  3 iguanas
  21 orc wizards
  6 adders
  23 gnolls
  A white imp (D:7)
  2 worms (D:4)
  3 dart slugs
  71 orcs
  6 endoplasms
  2 giant cockroaches
  10 goblins
  11 hobgoblins
  6 jackals
  3 quokkas
  6 ball pythons
  11 bats
  A frilled lizard (D:1)
  31 kobolds
  5 rats
930 creatures vanquished.

Vanquished Creatures (collateral kills)
  A tentacled monstrosity (Swamp:4)
  A thorn hunter (Swamp:3)
  A fenstrider witch (Swamp:3)
  8 nagarajas (Snake:4)
  A shambling mangrove (Swamp:2)
  6 naga warriors
  A two-headed ogre (Orc:2)
  2 naga sharpshooters (Snake:4)
  A spriggan (Swamp:4)
  A naga ritualist (Snake:4)
  A salamander mystic (Snake:4)
  5 salamanders
  A molten gargoyle (D:14)
  A swamp worm zombie (Swamp:4)
  3 entropy weaver simulacra (D:15)
  2 hornets
  An alligator zombie (Swamp:4)
  A dire elephant simulacrum (D:15)
  8 nagas
  A harpy simulacrum (D:15)
  2 orc warriors
  An ogre (Orc:2)
  A deep troll simulacrum (D:15)
  2 orc wizards (Orc:2)
  2 orcs (Orc:1)
55 creatures vanquished.

Vanquished Creatures (others)
  2 bloated husks
  34 dancing weapons
  2 centaurs (D:12)
  A howler monkey (D:14)
  An orc priest (Orc:2)
  A gnoll (Orc:1)
  2 orcs (D:7)
  22 foxfires
  43 fungi
  127 plants
  3 withered plants (D:2)
238 creatures vanquished.

Grand Total: 1223 creatures vanquished

Notes
Turn   | Place    | Note
-------+----------+-------------------------------------------
     0 | D:1      | Aelig the Kobold Enchanter began the quest for the Orb.
     0 | D:1      | Reached XP level 1. HP: 10/10 MP: 3/3
    19 | D:1      | Found Rius Zez's Antique Armour Emporium.
    83 | D:1      | Found Wukhur's Book Emporium.
   159 | D:1      | Found Idwetuj's Distillery.
   188 | D:1      | Reached XP level 2. HP: 14/15 MP: 5/5
   201 | D:1      | Learned a level 2 spell: Ensorcelled Hibernation
   545 | D:1      | Found Xipn's Assorted Antiques.
   609 | D:1      | Reached XP level 3. HP: 16/19 MP: 6/6
   739 | D:1      | Reached skill level 1 in Ice Magic
  1064 | D:1      | Reached skill level 4 in Hexes
  1078 | D:1      | Found Itror's General Store.
  1550 | D:2      | Reached XP level 4. HP: 24/24 MP: 7/7
  1866 | D:2      | Reached XP level 5. HP: 25/28 MP: 8/8
  2146 | D:2      | Found a faded altar of an unknown god.
  2518 | D:3      | Learned a level 3 spell: Confusing Touch
  2540 | D:3      | Found a radiant altar of Vehumet.
  2637 | D:3      | Identified the +4 rapier "Tiem" {antimagic, rElec rN+}
  2786 | D:3      | Reached skill level 5 in Hexes
  2957 | D:3      | Reached XP level 6. HP: 21/32 MP: 6/9
  3781 | D:4      | Found a glowing drain.
  3823 | Sewer    | Entered a sewer
  3910 | Sewer    | Noticed Pargi
  3915 | Sewer    | Killed Pargi
  3916 | Sewer    | Reached XP level 7. HP: 31/36 MP: 10/10
  4002 | Sewer    | Reached skill level 6 in Hexes
  4353 | D:4      | Got the Compendium of Air and the Mountains
  4631 | D:4      | Found a sparkling altar of Nemelex Xobeh.
  4631 | D:4      | Found a bloodstained altar of Trog.
  4631 | D:4      | Found an ornate altar of the Wu Jian Council.
  4940 | D:5      | Entered Level 5 of the Dungeon
  4965 | D:5      | Found a white marble altar of Elyvilon.
  4984 | D:5      | Noticed Grinder
  5267 | D:5      | Learned a level 3 spell: Tukima's Dance
  5895 | D:6      | Found a staircase to the Ecumenical Temple.
  5898 | D:6      | Reached skill level 7 in Hexes
  5898 | D:6      | Reached XP level 8. HP: 41/41 MP: 11/11
  5902 | Temple   | Entered the Ecumenical Temple
  6207 | D:6      | Reached skill level 5 in Short Blades
  6381 | D:6      | Found Ycodomoi's Elemental Accessories.
  6545 | D:6      | Found Noas Jia's Book Shoppe.
  6583 | D:6      | Reached skill level 8 in Hexes
  6613 | D:6      | Found a shadowy altar of Dithmenos.
  6686 | D:6      | Reached skill level 5 in Stealth
  6686 | D:6      | Reached XP level 9. HP: 45/45 MP: 12/12
  6723 | D:6      | Noticed a boulder beetle
  6737 | D:6      | Found Axofysei's Assorted Antiques.
  6764 | D:6      | Noticed a two-headed ogre
  7164 | D:7      | Found a blossoming altar of Fedhas.
  7164 | D:7      | Found a glowing silver altar of Zin.
  7642 | D:7      | Identified the ring of Ynerai {Drain rF+ rCorr Str+8}
  7900 | D:5      | Reached skill level 10 in Short Blades
  8046 | D:5      | Reached skill level 1 in Fighting
  8046 | D:5      | Reached skill level 1 in Evocations
  8087 | D:6      | Killed a two-headed ogre
  8088 | D:6      | Reached XP level 10. HP: 54/54 MP: 8/14
  8101 | D:6      | Reached XP level 11. HP: 66/66 MP: 10/20
  8107 | D:6      | Learned a level 3 spell: Dazzling Flash
  8376 | D:6      | Killed a boulder beetle
  8377 | D:6      | Reached skill level 1 in Conjurations
  8485 | D:8      | Noticed Joseph
  8488 | D:8      | Killed Joseph
 10465 | D:9      | Noticed an elephant
 10499 | D:9      | Killed an elephant
 10719 | D:9      | Found a staircase to the Lair.
 10846 | D:9      | Reached skill level 1 in Shields
 10863 | D:9      | Identified the +2 whip "Idiruiph" {venom, Will+}
 11272 | D:9      | Found a staircase to the Orcish Mines.
 11772 | D:10     | Entered Level 10 of the Dungeon
 11850 | D:10     | Found a broken altar of Ashenzari.
 12029 | D:10     | Noticed a two-headed ogre
 12073 | D:10     | Found a hide-covered altar of Uskayaw.
 12078 | D:10     | Became a worshipper of Uskayaw the Reveller
 12121 | D:10     | Identified the amulet of Circularity {RegenMP +Inv MP+9
                  | Dex+4 Stlth+}
 12213 | D:10     | Reached * piety under Uskayaw
 12270 | Lair:1   | Entered Level 1 of the Lair of Beasts
 12434 | Lair:1   | Reached ** piety under Uskayaw
 12435 | Lair:1   | Reached XP level 12. HP: 73/73 MP: 21/21
 12560 | Lair:1   | Reached skill level 5 in Dodging
 12859 | Lair:1   | Reached *** piety under Uskayaw
 12862 | Lair:1   | Reached **** piety under Uskayaw
 13164 | Lair:1   | Identified a scroll of acquirement
 13165 | Lair:1   | Acquired 367 gold pieces
 13427 | Lair:2   | Noticed Erica
 13912 | Lair:2   | Noticed Gastronok
 14608 | Lair:2   | Found a staircase to the Swamp.
 14608 | Lair:2   | Noticed a swamp dragon
 14645 | Lair:2   | Noticed a six-headed hydra
 14650 | Lair:2   | Killed a six-headed hydra
 14651 | Lair:2   | Reached skill level 10 in Evocations
 14752 | Lair:3   | Reached XP level 13. HP: 58/78 MP: 22/22
 15101 | Lair:3   | Noticed Rupert
 16206 | Lair:4   | Reached skill level 1 in Invocations
 16221 | Lair:4   | Reached ***** piety under Uskayaw
 16297 | Lair:4   | Noticed a five-headed hydra
 16529 | Lair:4   | Killed a five-headed hydra
 16621 | Lair:4   | Noticed Kirke
 17128 | Lair:4   | Reached XP level 14. HP: 82/84 MP: 23/23
 17446 | Lair:5   | Found a viscous altar of Jiyva.
 17458 | Lair:5   | Reached skill level 5 in Invocations
 17621 | Lair:5   | Found a staircase to the Slime Pits.
 18615 | D:5      | Killed Grinder
 19213 | D:10     | Found a sacrificial altar of Ru.
 19852 | D:10     | Reached XP level 15. HP: 88/88 MP: 24/24
 19916 | D:11     | Noticed Snorg
 19919 | D:11     | Killed Snorg
 19921 | D:11     | Noticed Josephine
 19929 | D:11     | Killed Josephine
 20184 | D:11     | Identified the +5 dire flail of the Vendetta {vorpal, Will+
                  | Str+4 Stlth+}
 20264 | D:11     | Found a transporter.
 20269 | D:11     | Noticed TheOvate's ghost (journeyman DrIE)
 20270 | D:11     | Found a transporter.
 21484 | D:12     | Noticed Erolcha
 21641 | D:12     | Reached skill level 10 in Invocations
 21965 | D:12     | Noticed Maurice
 23118 | D:12     | Killed Maurice
 23399 | D:6      | Bought a book of Hexes for 468 gold pieces
 23404 | D:6      | Learned a level 4 spell: Cause Fear
 23404 | D:6      | Bought a book of Spatial Translocations for 338 gold pieces
 23407 | D:6      | Learned a level 2 spell: Blink
 23749 | D:13     | Reached skill level 1 in Translocations
 23754 | D:13     | Reached skill level 5 in Shields
 24381 | D:14     | Reached skill level 9 in Hexes
 24383 | D:14     | Found a runed translucent gate.
 24384 | D:14     | Found a runed translucent gate.
 24385 | D:14     | Found a runed translucent gate.
 24443 | D:14     | Found a gate to the Vaults.
 24525 | D:14     | Identified the +1 chain mail of Lutsir {Stlth+}
 24831 | D:14     | Reached skill level 5 in Translocations
 24831 | D:14     | Reached XP level 16. HP: 93/93 MP: 25/25
 25144 | Orc:1    | Entered Level 1 of the Orcish Mines
 25282 | Orc:1    | Found an ornate altar of the Wu Jian Council.
 25282 | Orc:1    | Found a transporter.
 25292 | Orc:1    | Found a transporter.
 25299 | Orc:1    | Found a transporter.
 25314 | Orc:1    | Found a transporter.
 25659 | Orc:2    | Entered Level 2 of the Orcish Mines
 25896 | Orc:2    | Found a staircase to the Elven Halls.
 26213 | Orc:2    | Reached skill level 10 in Hexes
 26919 | D:6      | Bought a book of Misfortune for 468 gold pieces
 26925 | D:6      | Learned a level 5 spell: Yara's Violent Unravelling
 27346 | D:15     | Entered Level 15 of the Dungeon
 27361 | D:15     | Reached skill level 1 in Transmutations
 27588 | D:15     | Found a staircase to the Depths.
 27699 | D:15     | Found Kyrof's Antique Weapon Shoppe.
 27858 | D:15     | Reached skill level 11 in Hexes
 28390 | Lair:6   | Entered Level 6 of the Lair of Beasts
 28484 | Lair:6   | Reached skill level 5 in Transmutations
 28869 | Lair:6   | Reached XP level 17. HP: 58/97 MP: 26/26
 29016 | Lair:6   | Reached skill level 12 in Hexes
 29194 | Lair:6   | Got the Handbook of Displacement and Creation
 30616 | Orc:2    | Found Ykanutz's Assorted Antiques.
 30629 | Orc:2    | Found Zicer's Magic Scroll Shop.
 30633 | Orc:2    | Found Bazeoca's Jewellery Shoppe.
 30641 | Orc:2    | Found Uvimpyun's Book Shoppe.
 31390 | Lair:2   | Killed Erica
 31677 | Swamp:1  | Entered Level 1 of the Swamp
 32339 | Lair:3   | Paralysed by Rupert for 4 turns
 32623 | Lair:3   | Killed Rupert
 32638 | Lair:3   | Found a staircase to the Snake Pit.
 32698 | Snake:1  | Entered Level 1 of the Snake Pit
 32705 | Snake:1  | Reached skill level 1 in Armour
 32705 | Snake:1  | Reached skill level 13 in Hexes
 36736 | Snake:3  | Found Seniph's Distillery.
 36738 | Snake:3  | Found Qeitrehirr's General Store.
 36739 | Snake:3  | Found Kepsoakk's Jewellery Shop.
 36741 | Snake:3  | Found Ziofoan's Jewellery Shop.
 36791 | Snake:3  | Noticed Aizul
 37009 | Snake:3  | Reached XP level 18. HP: 84/104 MP: 27/27
 37285 | Snake:3  | Found an opulent altar of Gozag.
 37583 | Snake:3  | Noticed Mara
 38052 | Snake:4  | Entered Level 4 of the Snake Pit
 38176 | Snake:4  | Reached skill level 14 in Hexes
 38669 | Snake:4  | Reached skill level 10 in Transmutations
 39006 | Snake:4  | Reached skill level 15 in Hexes
 39975 | Snake:4  | Found Japi's Book Boutique.
 39975 | Snake:4  | Found Pun Ucro's Book Boutique.
 39976 | Snake:4  | Found Epusoze's Jewellery Emporium.
 39996 | Snake:4  | Bought a book of the Wilderness for 760 gold pieces
 40002 | Snake:4  | Learned a level 5 spell: Summon Mana Viper
 40566 | Snake:4  | Reached skill level 1 in Summonings
 41902 | Snake:4  | Reached skill level 16 in Hexes
 42485 | Snake:4  | Reached XP level 19. HP: 73/108 MP: 27/28
 42824 | Snake:4  | Reached skill level 5 in Summonings
 43543 | Snake:4  | Got a serpentine rune of Zot
 44047 | D:15     | Found a portal to a secret trove of treasure.
 44056 | D:15     | HP: 2/108 [entropy weaver simulacrum (35)]
 45553 | Snake:3  | Bought a scroll of teleportation for 48 gold pieces
 45553 | Snake:3  | Bought a potion of curing for 48 gold pieces
 45553 | Snake:3  | Bought 3 scrolls of teleportation for 144 gold pieces
 45556 | Snake:3  | Bought a potion of haste for 130 gold pieces
 45556 | Snake:3  | Bought a potion of curing for 39 gold pieces
 45556 | Snake:3  | Bought 2 potions of cancellation for 208 gold pieces
 45724 | D:9      | Acquired a +7 quick blade
 47620 | Swamp:2  | Noticed Louise
 47687 | Swamp:2  | Killed Louise
 47688 | Swamp:2  | Reached skill level 17 in Hexes
 48859 | Swamp:3  | Paralysed by a fenstrider witch for 6 turns
 49555 | Swamp:3  | Identified the +1 robe of Bafi {rC++}
 50247 | Swamp:4  | Entered Level 4 of the Swamp
 50424 | Swamp:4  | Reached skill level 10 in Fighting
 50424 | Swamp:4  | Reached skill level 10 in Dodging
 50919 | Swamp:4  | HP: 3/93 [eight-headed hydra (8)]
 51115 | Swamp:4  | Noticed a tentacled monstrosity
 52004 | Swamp:4  | Killed a tentacled monstrosity
 52449 | Depths:1 | Entered Level 1 of the Depths
 52817 | Depths:1 | HP: 4/99 [spriggan air mage/the air (13)]
 53243 | Vaults:1 | Entered Level 1 of the Vaults
 53857 | D:14     | Reached XP level 20. HP: 109/109 MP: 30/30
 54194 | D:14     | Noticed olaf's ghost (journeyman GnBe)
 54284 | Vaults:1 | Shot with a bolt by a yaktaur captain

Illustrated notes

Levels and vault maps discovered:
D:1:      minmay_arrival_jagged, layout_loops_ring, serial_shops, shop, shop,
          nicolae_shop_statue_plus, nicolae_diamond_shop, shop,
          minmay_misc_feat_five
D:2:      layout_loops_cross, ebering_ecumenical_altar_petrified
D:3:      layout_rooms, vehumet_crystals, nicolae_grassy_gnolls
D:4:      layout_loops_ring, gammafunk_temple_overflow_claw,
          portal_sewer_entry_a
D:5:      layout_rooms, lemuel_crystal_altar, uniq_grinder
D:6:      layout_basic, grunt_dithmenos_shadows, minmay_temple_entry_fiery,
          serial_shops, nicolae_shop_window_shopping, nicolae_shop_crystal,
          nicolae_elemental_shop
D:7:      layout_rooms, chequers_temple_overflow_statue_of_worship,
          nicolae_overflow_hidden_temple, dk_noncrumbling_4,
          minmay_fountain_box, st_stairs_7, minmay_misc_feat_chi,
          kennysheep_generic_room_8
D:8:      layout_gridville, uniq_joseph
D:9:      lemuel_ice_spiral_2, layout_stronghold, david_lair_generic, erik_orc_1
D:10:     layout_cave_pods, amcnicky_altar_gilded, nicolae_uskayaw_dance_hall,
          nicolae_ashenzari_panopticon
D:11:     layout_grid_maze, gammafunk_ghost_smash, uniq_snorg, uniq_josephine
D:12:     minmay_recursive_quarters, layout_gridville, minmay_pinched_square,
          uniq_maurice, uniq_erolcha
D:13:     layout_roguey, chequers_serial_rivers_micro_d, grunt_livestock
D:14:     layout_rooms, erik_vaults_1, serial_rivers,
          chequers_serial_rivers_large_a, chequers_serial_rivers_marsh,
          chequers_serial_rivers_small_3, chequers_serial_rivers_room_a,
          chequers_serial_rivers_marsh, gammafunk_ghost_icy, minivault_8
D:15:     hangedman_depths_entry_try_elsewhere_first, layout_irregular_city,
          nicolae_trove_entry_free_sample, portal_ice_cave_entry_ice_simulacra,
          serial_shops, shop
Temple:   grunt_temple_mini_profane
Lair:1:   layout_concentric_octagons, serial_bayou, serial_bayou_pond_b,
          serial_bayou_lake_a, serial_bayou_pond_d, serial_bayou_pond_e,
          beast_lair_carwin_9
Lair:2:   layout_loops_ring, minmay_swamp_entry_reptiles, st_stairs_9,
          uniq_gastronok, uniq_erica
Lair:3:   layout_cave_pods, minmay_snake_entry_guardpost_large, minivault_19,
          uniq_rupert
Lair:4:   layout_hall_layers, serial_bayou_shore_b, uniq_kirke
Lair:5:   layout_regular_city, slime_altar_1
Lair:6:   minmay_lair_end_frog_pond, layout_small_grid
Swamp:1:  layout_basic_swamp, evilmike_swamp_ruin_house_3
Swamp:2:  nicolae_swamp_flooded_prison, layout_falls_marsh,
          evilmike_swamp_ruin_house_2, nicolae_swamp_treefoil, uniq_louise
Swamp:3:  layout_basic_swamp, evilmike_swamp_ruin_rubble_2, swamp_pool3,
          hangedman_swamp_pad
Swamp:4:  swamp_pestilence, layout_basic_swamp, nicolae_swamp_round_clearing
Snake:1:  layout_basic, grunt_megastairs_1
Snake:2:  layout_onion_interference, nicolae_coiled_stairwell_down
Snake:3:  layout_cave_town, basic_altar, minmay_shoptagon, uniq_aizul, uniq_mara
Snake:4:  grunt_snake_rune_spirals, layout_onion, nicolae_snake_snake_lake,
          serial_bayou_shore_b, minmay_shop_grove
Orc:1:    dreamdust_wu_jian_sword_trials, layout_caves, basic_altar,
          mines_bat_river
Orc:2:    st_orc_elflike, layout_diamond_mine, hellmonk_guarded_unrand_dark_maul
Vaults:1: gammafunk_ghost_arena, dpeg_vaults_monster_box, v_misc_9,
          hangedman_vaults_locks, nicolae_vaults_border_crossing, v_misc_27,
          v_misc_28, vaults_dpeg_encased_lava, st_cells, vaults_dpeg_cross,
          layout_vaults_big_room, uniq_donald
Depths:1: layout_cave_pools, glass_columns_a, hell_entry, abyss_entry,
          kennysheep_generic_room_4, serial_bayou_shore_b, minmay_shop_star

Skill      XL: |  1  2  3  4  5  6  7  8  9 10 11 12 13 14 15 16 17 18 19 |
---------------+----------------------------------------------------------+-----
Ice Magic      | 1 2 3 4 |  4.0
Hexes          | 4 5 7 8 9 11 13 16 17 | 17.5
Short Blades   | 4 7 10 11 | 11.0
Stealth        | 5 8 11 12 13 | 13.1
Fighting       | 2 6 8 10 | 10.6
Evocations     | 3 7 10 16 | 16.0
Spellcasting   | 3 6 |  6.8
Conjurations   | 4 |  4.0
Dodging        | 4 7 8 10 | 10.8
Shields        | 2 4 5 |  5.0
Invocations    | 4 8 12 | 12.0
Translocations | 5 6 |  6.0
Transmutations | 6 9 10 | 10.0
Armour         | 3 4 |  4.0
Summonings     | 4 6 |  6.0

Action                   |  1- 3 |  4- 6 |  7- 9 | 10-12 | 13-15 | 16-18 | 19-21 || total
-------------------------+-------+-------+-------+-------+-------+-------+-------++-------
Melee: Dagger            |    97 |   104 |   166 |   213 |   486 |  1122 |    67 ||  2255
       Punch             |       |       |     3 |     3 |     8 |       |       ||    14
       Quick blade       |       |       |       |       |       |       |   349 ||   349
Throw: Stone             |     7 |     1 |     4 |    11 |     2 |     1 |     5 ||    31
 Cast: Ensorcelled Hiber |     7 |    18 |    29 |   123 |   104 |   266 |    53 ||   600
       Confusing Touch   |       |       |     5 |     8 |    23 |    69 |    33 ||   138
       Dazzling Flash    |       |       |       |     9 |    41 |   103 |    25 ||   178
       Tukima's Dance    |       |       |       |       |     2 |   163 |    26 ||   191
       Blink             |       |       |       |       |     1 |       |     1 ||     2
       Cause Fear        |       |       |       |       |       |    18 |    10 ||    28
       Yara's Violent Un |       |       |       |       |       |    32 |       ||    32
       Summon Mana Viper |       |       |       |       |       |    10 |    55 ||    65
Invok: Line Pass         |       |       |       |     3 |     1 |       |       ||     4
       Stomp             |       |       |       |       |     3 |       |       ||     3
 Abil: Evoke Invisibilit |       |       |       |       |     1 |     1 |     2 ||     4
Evoke: Wand              |       |       |       |       |     1 |    19 |    11 ||    31
       Lightning rod     |       |       |       |       |       |     5 |       ||     5
       Phantom mirror    |       |       |       |       |       |     2 |     1 ||     3
  Use: Scroll            |       |     5 |     2 |    19 |     8 |    11 |    12 ||    57
       Potion            |       |     2 |       |     1 |     4 |    13 |    10 ||    30
 Stab: Sleeping          |    15 |    31 |    41 |    85 |    97 |   161 |    50 ||   480
       Invisible         |       |     1 |       |    10 |    39 |    78 |    19 ||   147
       Confused          |       |       |     8 |     8 |    24 |    66 |    31 ||   137
       Distracted        |       |       |       |     1 |     1 |     4 |       ||     6
       Paralysed         |       |       |       |     1 |    20 |    41 |     7 ||    69
Armor: Robe              |    10 |    14 |       |       |       |       |       ||    24
       Leather armour    |       |     5 |    21 |    38 |    43 |       |       ||   107
       Troll leather arm |       |       |       |       |    21 |    73 |       ||    94
       Skin              |       |       |       |       |     9 |     2 |       ||    11
       Swamp dragon scal |       |       |       |       |       |    55 |    79 ||   134
Dodge: Dodged            |    54 |    68 |    53 |   109 |   346 |   524 |   219 ||  1373
Block: Buckler           |       |       |       |       |    23 |   338 |   116 ||   477

Table legend: (Time is in decaauts)
 A = Elapsed time spent in this place.
 B = Non-inter-level travel time spent in this place.
 C = Inter-level travel time spent in this place.
 D = Time resting spent in this place.
 E = Time spent auto-exploring this place.
 F = Levels seen in this place.
 G = Mean time per level.
                   A        B        C        D        E       F      G
               +--------+--------+--------+--------+--------+-----+--------+
         Total |  53659 |  48941 |   4718 |  15177 |  14764 |  35 | 1533.1 |
       Dungeon |  23021 |  20163 |   2858 |   4543 |   9025 |  15 | 1534.7 |
        Temple |    238 |    224 |     14 |      0 |    213 |   1 |  238.0 |
          Lair |   9582 |   8548 |   1034 |   1926 |   2656 |   6 | 1597.0 |
         Swamp |   6548 |   6280 |    268 |   2979 |   1368 |   4 | 1637.0 |
     Snake Pit |  11042 |  10723 |    319 |   5239 |    835 |   4 | 2760.5 |
  Orcish Mines |   2390 |   2167 |    223 |    169 |    645 |   2 | 1195.0 |
        Vaults |     80 |     80 |      0 |      0 |      0 |   1 |   80.0 |
        Depths |    372 |    372 |      0 |    137 |     20 |   1 |  372.0 |
         Sewer |    382 |    382 |      0 |    184 |      0 |   1 |  382.0 |
               +--------+--------+--------+--------+--------+-----+--------+

Top non-repeatable levels by time:
 Snake:4: 5337 daAuts
 Snake:1: 2987 daAuts
  Lair:2: 2387 daAuts
 Swamp:2: 2353 daAuts
     D:9: 2245 daAuts
  Lair:3: 2174 daAuts
    D:14: 2146 daAuts
    D:15: 2135 daAuts
    D:11: 2014 daAuts
    D:12: 1977 daAuts
 Swamp:4: 1967 daAuts
 Snake:3: 1945 daAuts
    D:10: 1770 daAuts
     D:8: 1676 daAuts
   Orc:2: 1611 daAuts
